Map: Ulrena

Players

Telos - Winner!

  • Race: Protoss Protoss
  • League: Gold

shephard

  • Race: Protoss Protoss
  • League: Platinum

VOD

Have the link to the VOD?

Description

how to stop FE PvP on Ulrena using MSC + adept

Time

  • Played on: Dec. 27, 2015, 8:03 p.m.
  • Length: 4:57
Show
View Real Time Build Order
Export as new Build Order

Telos Protoss - Winner!

Build Orders:  

Get SALT Encoding   

  12  0:01  Probe (Chrono Boost)  
  13  0:13  Pylon  
  13  0:17  Probe (Chrono Boost)  
  14  0:28  Probe (Chrono Boost)  
  15  0:33  Gateway  
  15  0:39  Probe (Chrono Boost)  
  16  0:46  Assimilator  
  16  0:49  Probe (Chrono Boost)  
  17  1:00  Probe (Chrono Boost)  
  18  1:10  Gateway, Probe (Chrono Boost)  
  19  1:21  Cybernetics Core  
  19  1:27  Pylon  
  19  1:30  Probe (Chrono Boost)  
  20  1:44  Probe (Chrono Boost)  
  21  1:57  Adept x2  
  21  1:59  Warp Gate (Chrono Boost)  
  25  2:04  Pylon  
  25  2:20  Assimilator  
  25  2:24  Gateway  
  25  2:29  Gateway  
  25  2:33  Pylon  
  25  2:34  Mothership Core  
  27  2:57  Probe  
  28  3:09  Probe  
  29  3:21  Probe  
  28  3:33  Probe  
  29  3:41  Pylon  
  29  3:48  Probe  
  30  3:51  Stalker x4  
  36  4:06  Nexus  
  36  4:21  Stalker x2  
  36  4:24  Zealot x2  
  44  4:36  Probe  
  45  4:41  Pylon  
Show
View Real Time Build Order
Export as new Build Order

shephard Protoss 

Build Orders: Nexus First 

Get SALT Encoding   

  12  0:03  Probe (Chrono Boost)  
  14  0:14  Probe (Chrono Boost)  
  14  0:23  Pylon  
  14  0:24  Probe (Chrono Boost)  
  15  0:41  Probe (Chrono Boost)  
  16  0:52  Probe (Chrono Boost)  
  17  1:03  Nexus  
  17  1:14  Gateway  
  17  1:19  Probe (Chrono Boost)  
  18  1:26  Assimilator  
  18  1:30  Probe (Chrono Boost), Assimilator  
  19  1:40  Probe (Chrono Boost)  
  19  1:45  Pylon  
  20  1:51  Probe (Chrono Boost)  
  21  2:01  Probe (Chrono Boost)  
  21  2:05  Cybernetics Core  
  22  2:08  Zealot  
  22  2:12  Probe (Chrono Boost)  
  25  2:16  Probe (Chrono Boost)  
  27  2:23  Probe (Chrono Boost)  
  27  2:27  Probe (Chrono Boost)  
  28  2:33  Probe (Chrono Boost)  
  29  2:37  Probe (Chrono Boost)  
  29  2:44  Probe (Chrono Boost)  
  31  2:47  Stalker  
  31  2:48  Probe (Chrono Boost)  
  31  3:03  Mothership Core (Chrono Boost)  
  28  3:14  Pylon  
  28  3:17  Stalker, Pylon  
  21  4:01  Stalker  
  19  4:33  Probe (Chrono Boost)  
  18  4:43  Gateway, Probe (Chrono Boost)  
  18  4:44  Gateway  
  19  4:48  Gateway  
  19  4:49  Gateway  
  16  4:54  Cybernetics Core  
Tags
 
Matchup
PvP
Add a new tag
Caveats
  • Supply blocks, unpowered buildings, or Contaminate may cause inaccurate times.
  • Supply counts are checked every 10 seconds.